 Dungeon Crawl Stone Soup version 0.21.0-3-g78d12a8bdd (webtiles) character file.

224691 Peloso the Hoplite (level 18, -14/169 (171) HPs)
             Began as a Minotaur Fighter on Jan 16, 2018.
             Was the Champion of Okawaru.
             Killed from afar by a deep elf mage (16 damage)
             ... with a bolt of lightning
             ... on level 2 of the Elven Halls on Jan 17, 2018.
             The game lasted 02:02:04 (43171 turns).

Peloso the Hoplite (Minotaur Fighter)              Turns: 43171, Time: 02:02:04

HP:   -14/169 (171) AC: 38    Str: 30    XL:     18   Next: 59%
MP:   19/19         EV:  7    Int:  9    God:    Okawaru [******]
Gold: 2926          SH: 16    Dex: 15    Spells: 17/17 levels left

rFire    + + +     SeeInvis +   O - +6 double sword "Qushriaj" {flame, rF+++ Dex-2 SInv}
rCold    + + .     Gourm    .   Z - +0 shield "Tidout" {+Fly MR+}
rNeg     . . .     Faith    +   m - +4 crystal plate armour of Befa {Str+4}
rPois    +         Spirit   .   (helmet restricted)
rElec    .         Reflect  .   J - +0 cloak {rPois}
rCorr    .         Harm     .   W - +1 pair of gloves "Dooph" {rC++ Dex+4}
MR       ++...                  s - +4 pair of boots of Elefac {Int+4}
Stlth    ..........             u - amulet of faith
HPRegen  0.38/turn              F - ring of loudness (curse)
MPRegen  0.16/turn              (no ring)

@: heavily drained
A: retaliatory headbutt, horns 2
}: 1/15 runes: gossamer
a: Heroism, Finesse, Renounce Religion, Evoke Flight


You were on level 2 of the Elven Halls.
You worshipped Okawaru.
Okawaru was exalted by your worship.
You were very hungry.

You visited 7 branches of the dungeon, and saw 31 of its levels.
You visited the Abyss 1 time.
You also visited: Ice Cave.

You collected 2937 gold pieces.
You spent 11 gold pieces at shops.

Inventory:

Hand Weapons
 a - the +9 long sword of Caziteg {slice, rC+ Int-2 Dex+6}
   (You found it on level 6 of the Dungeon)

   It inflicts extra damage upon your enemies.
   It affects your intelligence (-2).
   It affects your dexterity (+6).
   It protects you from cold.
 I - a +6 demon blade of freezing
 O - the +6 double sword "Qushriaj" (weapon) {flame, rF+++ Dex-2 SInv}
   (Okawaru gifted it to you on level 2 of the Elven Halls)

   It has been specially enchanted to burn those struck by it, causing extra
   injury to most foes and up to half again as much damage against particularly
   susceptible opponents.
   Big, fiery blades are also staple armaments of hydra-hunters.
   It affects your dexterity (-2).
   It renders you almost immune to fire.
   It lets you see invisible.
Armour
 m - the +4 crystal plate armour of Befa (worn) {Str+4}
   (Okawaru gifted it to you on level 15 of the Dungeon)

   It affects your strength (+4).
 s - the +4 pair of boots of Elefac (worn) {Int+4}
   (Okawaru gifted it to you on level 1 of the Elven Halls)

   It affects your intelligence (+4).
 z - a scarf of cloud immunity
 H - a +2 cloak of cold resistance
 J - a +0 cloak of poison resistance (worn)
 M - a scarf of repulsion
 W - the +1 pair of gloves "Dooph" (worn) {rC++ Dex+4}
   (Okawaru gifted it to you on level 2 of the Orcish Mines)

   It affects your dexterity (+4).
   It greatly protects you from cold.
 Z - the +0 shield "Tidout" (worn) {+Fly MR+}
   (Okawaru gifted it to you on level 14 of the Dungeon)

   It affects your resistance to hostile enchantments.
   It lets you fly.
Jewellery
 u - an amulet of faith (around neck)
 y - an uncursed amulet of the gourmand
 F - a cursed ring of loudness (left hand)
 L - a +5 ring of protection {unknown}
Wands
 o - a wand of iceblast (11)
 r - a wand of polymorph (15)
 w - a wand of digging (18)
 V - a wand of disintegration (18)
Scrolls
 b - a scroll of enchant armour
 e - 8 scrolls of magic mapping
 h - 4 scrolls of identify
 i - 4 scrolls of blinking
 j - 3 scrolls of summoning
 k - 4 scrolls of teleportation
 t - 5 scrolls of remove curse
 B - 2 scrolls of fear
 C - 2 scrolls of fog
 E - a scroll of amnesia
Potions
 d - 5 potions of might
 g - 5 potions of invisibility
 l - 2 potions of haste
 n - 7 potions of curing
 q - a potion of flight
 v - 4 potions of berserk rage
 A - 4 potions of agility
 D - a potion of resistance
 G - a potion of brilliance
 N - 4 potions of ambrosia
 P - 8 potions of heal wounds
 U - a potion of cancellation
Books
 p - a book of Misfortune

   Spells                             Type                      Level
   a - Confusing Touch                Hexes                        1
   b - Confuse                        Hexes                        3
   c - Gell's Gravitas                Translocation                3
   d - Petrify                        Transmutation/Earth          4
   e - Metabolic Englaciation         Hexes/Ice                    5
   f - Yara's Violent Unravelling     Hexes/Transmutation          5
 x - a book of Frost

   Spells                             Type                      Level
   a - Freeze                         Ice                          1
   b - Throw Frost                    Conjuration/Ice              2
   c - Ozocubu's Armour               Charms/Ice                   3
   d - Throw Icicle                   Conjuration/Ice              4
   e - Summon Ice Beast               Ice/Summoning                4
 K - a book of Power

   Spells                             Type                      Level
   a - Iskenderun's Battlesphere      Conjuration/Charms           5
   b - Venom Bolt                     Conjuration/Poison           5
   c - Bolt of Magma                  Conjuration/Fire/Earth       5
   d - Iron Shot                      Conjuration/Earth            6
   e - Orb of Destruction             Conjuration                  7
   f - Spellforged Servitor           Conjuration/Summoning        7
 Q - a book of Geomancy

   Spells                             Type                      Level
   a - Sandblast                      Earth                        1
   b - Passwall                       Transmutation/Earth          2
   c - Stone Arrow                    Conjuration/Earth            3
   d - Petrify                        Transmutation/Earth          4
   e - Lee's Rapid Deconstruction     Earth                        5
 R - the Guide on Creation
   (You found it on level 2 of the Elven Halls)

   Spells                             Type                      Level
   a - Call Imp                       Summoning                    2
   b - Call Canine Familiar           Summoning                    3
   c - Aura of Abjuration             Summoning                    5
   d - Shadow Creatures               Summoning                    6
   e - Spellforged Servitor           Conjuration/Summoning        7
   f - Summon Hydra                   Summoning                    7
 T - a book of Summonings

   Spells                             Type                      Level
   a - Recall                         Summoning/Translocation      3
   b - Aura of Abjuration             Summoning                    5
   c - Summon Demon                   Summoning                    5
   d - Summon Forest                  Summoning/Translocation      5
   e - Summon Mana Viper              Hexes/Summoning              5
   f - Shadow Creatures               Summoning                    6
Miscellaneous
 S - a phial of floods
Comestibles
 f - 49 rations


   Skills:
 + Level 17.8(15.1) Fighting
 + Level 19.0(16.2) Long Blades
 + Level 18.5(15.7) Armour
 + Level 3.5(1.6) Dodging
 + Level 3.0(1.1) Stealth
 + Level 21.3(18.4) Shields
 + Level 3.6(1.7) Invocations
 + Level 0.5(0.0) Evocations


You had 17 spell levels left.
You didn't know any spells.

Dungeon Overview and Level Annotations

Branches:
Dungeon (15/15)            Temple (1/1) D:7            Lair (6/6) D:11
 Shoals (1/4) Lair:2       Spider (4/4) Lair:4        Slime (0/5) Lair:5
    Orc (2/2) D:12            Elf (2/3) Orc:2        Vaults (0/5) D:14
 Depths (0/5) D:15

Altars:
Dithmenos
Elyvilon
Fedhas
Hepliaklqana
Kikubaaqudgha
Okawaru
Ru
Sif Muna
Trog
Uskayaw
Vehumet
Xom
Yredelemnul
Zin
Beogh
Jiyva

Shops:
Orc:2 [*(:   Elf:2 =

Annotations:
Lair:2 exclusion: 3 oklob plants


Innate Abilities, Weirdness & Mutations

You reflexively headbutt those who attack you in melee.
You have a pair of horns on your head.


Message History

Your headbutt misses the broad axe of draining.
The broad axe of draining is moderately damaged.
You block the flail of holy wrath's attack.
The deep elf mage gestures at you while chanting.
The bolt of lightning hits you!
* * * LOW HITPOINT WARNING * * *
The bolt of lightning hits you!
* * * LOW HITPOINT WARNING * * *
The bolt of lightning hits the deep elf mage.
You closely miss the broad axe of draining.
You headbutt the broad axe of draining, but do no damage.
The broad axe of draining is moderately damaged.
The flail of holy wrath hits you but does no damage.
The broad axe of draining hits you but does no damage.
You feel drained. The deep elf mage casts a spell at you.
The bolt of lightning hits you!
* * * LOW HITPOINT WARNING * * *
The bolt of lightning hits you!
You die...

...............
................
#..............
#................ .
##............... ...
##................
.....#.[...............
...........(e(.........
..##...##...@.###.....#
##.# ##.#.''#''.# ##
#####...# #'''# ##
##)## ###. ### #≈)≈#
###... ###.### #≈§≈#
##)... ######<<...#
##≈)≈## #.##..
()...(.))..# #≈≈.≈≈#
#...##


You could see a deep elf mage and 2 dancing weapons.

Vanquished Creatures
  Nikola (Spider:4)
  Rupert (D:14)
  The ghost of DildoBatman the Bewitcher, an adept FoEn of Sif Muna (Elf:2)
  Asterion (Spider:1)
  2 tentacled starspawn (Abyss:2)
  2 krakens (Shoals:1)
  Agnes (Elf:1)
  2 azure jellies (Lair:5)
  5 ghost moths
  A deep elf sorcerer (Elf:1)
  2 orc warlords (Orc:1)
  5 emperor scorpions
  The ghost of Noxor the Thaumaturge, a journeyman HuFE of Gozag (Shoals:1)
  An entropy weaver (Spider:1)
  A deep elf demonologist (Elf:1)
  2 deep elf annihilators
  Nessos (D:14)
  The ghost of IsvaffelMax the Thaumaturge, a journeyman FoFE of Hepliaklqana (Lair:4)
  2 spark wasps
  A mummy priest (Elf:2)
  An ettin (D:14)
  An ogre mage (D:14)
  The ghost of vovahuhaifa the Basher, a journeyman GrFi of Hepliaklqana (D:13)
  A rakshasa (D:15)
  9 hydras
  6 centaur warriors
  3 catoblepae
  The ghost of rabbit the Cleaver, a novice HOBe of Trog (D:8)
  16 dancing weapons
  An alligator snapping turtle (Lair:2)
  2 two-headed ogres
  A death knight (D:14)
  2 vampire magi (Elf:2)
  A deep troll shaman (Lair:6)
  A queen ant (D:11)
  12 death yaks
  2 thrashing horrors (Abyss:2)
  Urug (D:14)
  6 orc high priests
  9 deep elf knights (Elf:2)
  A sea snake (Shoals:1)
  3 unseen horrors
  The ghost of Noxor the Thaumaturge, a novice SpEn of Dithmenos (Orc:1)
  A lindwurm (Lair:6)
  19 deep elf archers
  2 wizards
  49 deep elf magi
  13 harpies (Shoals:1)
  26 wolf spiders
  9 ugly things
  4 manticores
  A necromancer (D:15)
  11 orb spiders
  3 orc knights (Orc:2)
  6 cyclopes
  4 orc sorcerers
  4 centaur zombies
  A salamander (shapeshifter) (D:14)
  6 elephants
  2 moths of wrath
  2 black mambas (Lair:6)
  A torpor snail (Spider:3)
  2 naga magi (D:15)
  A smoke demon (Abyss:2)
  13 spiny frogs
  2 gargoyles (D:15)
  2 ice statues (IceCv)
  2 komodo dragons
  3 kobold demonologists
  15 demonic crawlers
  3 freezing wraiths (Spider:1)
  14 ice devils (IceCv)
  An efreet (D:15)
  26 jumping spiders
  A polar bear (Lair:6)
  A tengu conjurer (D:14)
  A jumping spider (shapeshifter) (D:14)
  7 merfolk
  2 trolls
  3 meliai (D:13)
  A troll (shapeshifter) (Abyss:2)
  A wind drake (Lair:2)
  9 hornets
  9 slime creatures
  3 dream sheep (Shoals:1)
  A snapping turtle (Shoals:1)
  5 blink frogs (Lair:6)
  12 hippogriffs
  A meliai zombie (D:12)
  2 centaur simulacra
  2 wyverns
  2 wraiths (D:14)
  A vampire (D:14)
  53 redbacks
  2 fire elementals (Elf:1)
  27 tarantellas
  3 water elementals (Elf:1)
  39 yaks
  A spriggan (shapeshifter) (D:14)
  A basilisk (shapeshifter) (D:14)
  8 basilisks
  A golden eye (shapeshifter) (Elf:1)
  15 humans
  4 vampire mosquitoes (D:14)
  A neqoxec (Abyss:2)
  3 hungry ghosts
  Menkaure (D:7)
  5 wargs
  A soldier ant (shapeshifter) (D:14)
  20 soldier ants (D:11)
  12 water moccasins
  10 porcupines
  6 ice beasts
  36 orc warriors
  2 sky beasts
  A necrophage (D:11)
  A black bear (Lair:1)
  5 phantoms
  11 ogres
  A boggart (shapeshifter) (D:13)
  6 boggarts
  14 wolves
  19 centaurs
  15 crocodiles
  Blork the orc (Orc:2)
  2 big kobolds
  19 bullfrogs
  2 gnoll sergeants
  An earth elemental (Elf:1)
  A wyvern skeleton (D:15)
  6 scorpions
  2 electric eels
  5 howler monkeys
  A bullfrog zombie (D:7)
  7 crimson imps
  2 lava snakes (D:13)
  An elf simulacrum (Abyss:2)
  6 jellies
  31 orc priests
  36 orc wizards
  3 hounds
  A gnoll shaman (D:8)
  2 iron imps (Abyss:2)
  7 iguanas
  Terence (D:2)
  Jessica (D:3)
  7 centaur skeletons
  Natasha (D:2)
  28 worker ants
  A worker ant zombie (D:9)
  8 gnolls
  A howler monkey skeleton (D:10)
  14 adders
  6 shadow imps
  2 white imps (IceCv)
  5 ufetubi (IceCv)
  2 adder skeletons
  A worm (D:4)
  4 dart slugs
  6 leopard geckos
  125 orcs
  5 bats
  7 giant cockroaches
  7 goblins
  10 hobgoblins
  9 jackals
  4 quokkas
  5 frilled lizards
  A jackal skeleton (D:6)
  18 kobolds
  A leopard gecko zombie (D:5)
  3 rats
  2 butterflies (Lair:1)
  2 fungi (Lair:1)
  9 tentacles (Shoals:1)
1184 creatures vanquished.

Vanquished Creatures (others)
  A blizzard demon (IceCv)
  2 redbacks (Spider:4)
  An earth elemental (Elf:2)
  2 orc wizards (D:6)
  7 white imps (IceCv)
  3 ufetubi (IceCv)
  11 fungi
  11 plants
  8 starspawn tentacles (Abyss:2)
  14 tentacles (Shoals:1)
60 creatures vanquished.

Grand Total: 1244 creatures vanquished

Notes
Turn   | Place    | Note
-------+----------+-------------------------------------------
     0 | D:1      | Peloso the Minotaur Fighter began the quest for the Orb.
     0 | D:1      | Reached XP level 1. HP: 19/19 MP: 0/0
    53 | D:1      | Reached XP level 2. HP: 27/27 MP: 1/1
   199 | D:1      | Reached skill level 4 in Shields
   568 | D:1      | Reached XP level 3. HP: 32/33 MP: 2/2
   779 | D:2      | Found a hazy altar of Hepliaklqana.
   807 | D:2      | Noticed Terence
   817 | D:2      | Killed Terence
   817 | D:2      | Reached XP level 4. HP: 35/41 MP: 3/3
   894 | D:2      | Found a bloodstained altar of Trog.
  1179 | D:2      | Noticed Natasha
  1190 | D:2      | Killed Natasha
  1190 | D:2      | Reached skill level 5 in Fighting
  1190 | D:2      | Reached XP level 5. HP: 39/48 MP: 4/4
  1291 | D:2      | Found a basalt altar of Yredelemnul.
  1329 | D:2      | Found a deep blue altar of Sif Muna.
  1884 | D:3      | HP: 1/48 [orc priest/divine providence (9)]
  1888 | D:3      | Reached XP level 6. HP: 20/56 MP: 5/5
  1891 | D:3      | Reached skill level 5 in Shields
  2169 | D:3      | Noticed Jessica
  2174 | D:3      | Killed Jessica
  2218 | D:3      | Reached skill level 5 in Armour
  2487 | D:3      | Found a white marble altar of Elyvilon.
  2670 | D:4      | Reached skill level 5 in Long Blades
  2822 | D:4      | Reached skill level 1 in Dodging
  2822 | D:4      | Reached XP level 7. HP: 58/62 MP: 6/6
  3102 | D:4      | Reached skill level 6 in Shields
  3678 | D:5      | Entered Level 5 of the Dungeon
  3729 | D:5      | Reached XP level 8. HP: 70/70 MP: 7/7
  3941 | D:5      | Found a sacrificial altar of Ru.
  4649 | D:6      | Found a radiant altar of Vehumet.
  4732 | D:6      | Got a smoking long sword
  4733 | D:6      | Identified the +9 long sword of Caziteg {slice, rC+ Int-2 Dex+6} (You found it on level 6 of the Dungeon)
  4864 | D:6      | Reached skill level 7 in Shields
  5423 | D:7      | Noticed Menkaure
  5429 | D:7      | Killed Menkaure
  5443 | D:7      | Reached XP level 9. HP: 78/78 MP: 8/8
  5454 | D:7      | Found a staircase to the Ecumenical Temple.
  5488 | Temple   | Entered the Ecumenical Temple
  5514 | Temple   | Became a worshipper of Warmaster Okawaru
  6010 | D:8      | Reached skill level 10 in Long Blades
  6030 | D:8      | Noticed rabbit's ghost (novice HOBe)
  6051 | D:8      | Killed rabbit's ghost
  6051 | D:8      | Reached * piety under Okawaru
  6051 | D:8      | Reached skill level 1 in Stealth
  6051 | D:8      | Reached skill level 8 in Shields
  6505 | D:9      | Noticed a two-headed ogre
  6512 | D:9      | Killed a two-headed ogre
  6512 | D:9      | Reached ** piety under Okawaru
  6512 | D:9      | Reached XP level 10. HP: 42/86 MP: 9/9
  6899 | D:9      | Reached *** piety under Okawaru
  7357 | D:10     | Entered Level 10 of the Dungeon
  7763 | D:10     | Killed an unseen horror
  7763 | D:10     | Reached skill level 9 in Shields
  7855 | D:10     | Reached **** piety under Okawaru
  8446 | D:10     | Killed an unseen horror
  8446 | D:10     | Reached skill level 10 in Armour
  8677 | D:11     | Reached ***** piety under Okawaru
  8721 | D:11     | Found a roughly hewn altar of Beogh.
  8895 | D:11     | Reached XP level 11. HP: 95/95 MP: 10/10
  8945 | D:11     | Found a staircase to the Lair.
  8995 | D:11     | Noticed a two-headed ogre
  9004 | D:11     | Killed a two-headed ogre
  9074 | D:11     | Reached skill level 10 in Shields
  9163 | D:11     | Received a gift from Okawaru
  9218 | D:11     | Noticed a queen ant
  9230 | D:11     | Killed a queen ant
  9779 | D:11     | You fall through a shaft for 2 floors!
  9853 | D:13     | Reached skill level 10 in Fighting
 10613 | D:13     | Received a gift from Okawaru
 10619 | D:13     | Reached XP level 12. HP: 92/107 MP: 11/11
 10725 | D:13     | Noticed vovahuhaifa's ghost (journeyman GrFi)
 10739 | D:13     | Killed vovahuhaifa's ghost
 10739 | D:13     | Reached skill level 11 in Shields
 10757 | D:13     | Noticed a centaur warrior
 10773 | D:13     | Killed a centaur warrior
 11034 | D:13     | Noticed a centaur warrior
 11049 | D:13     | Killed a centaur warrior
 11102 | D:13     | Noticed a centaur warrior
 11115 | D:13     | Killed a centaur warrior
 11567 | D:12     | Found a staircase to the Orcish Mines.
 11625 | D:12     | Reached skill level 12 in Shields
 12319 | Lair:1   | Entered Level 1 of the Lair of Beasts
 12389 | Lair:1   | Noticed a six-headed hydra
 12461 | Orc:1    | Entered Level 1 of the Orcish Mines
 12480 | Orc:1    | Noticed Noxor's ghost (novice SpEn)
 12499 | Orc:1    | Killed Noxor's ghost
 12499 | Orc:1    | Received a gift from Okawaru
 12551 | Orc:1    | Noticed an orc warlord
 12585 | Orc:1    | Killed an orc warlord
 13036 | Orc:2    | Entered Level 2 of the Orcish Mines
 13046 | Orc:2    | Found a staircase to the Elven Halls.
 13069 | Orc:2    | Reached skill level 15 in Long Blades
 13334 | Orc:2    | Noticed Blork the orc
 13341 | Orc:2    | Killed Blork the orc
 13396 | Orc:2    | Reached XP level 13. HP: 100/118 MP: 10/12
 13525 | Orc:1    | Found a roughly hewn altar of Beogh.
 13683 | Orc:2    | Reached skill level 13 in Shields
 13780 | Orc:2    | Reached ****** piety under Okawaru
 13810 | Orc:2    | Noticed an orc warlord
 13972 | Orc:1    | Killed an orc warlord
 14607 | Orc:2    | Received a gift from Okawaru
 14608 | Orc:2    | Got a pair of heavily runed gloves {god gift}
 14630 | Orc:1    | Identified the +1 pair of gloves "Dooph" {rC++ Dex+4} (Okawaru gifted it to you on level 2 of the Orcish Mines)
 15440 | Orc:2    | Found Naemibeneang's Antique Armour Boutique.
 15441 | Orc:2    | Found Bix Emia's Antique Weapon Boutique.
 15443 | Orc:2    | Found Qoytucali's General Store.
 15443 | Orc:2    | Found Ugroma Fehu's Book Shop.
 15539 | Orc:2    | Bought a scroll of noise for 11 gold pieces
 15917 | D:14     | Reached skill level 14 in Shields
 16671 | D:14     | Cast into level 2 of the Abyss (a wizard)
 16725 | Abyss:2  | Received a gift from Okawaru
 16728 | Abyss:2  | Got a crystal morningstar {god gift}
 16880 | Abyss:2  | Noticed a tentacled starspawn
 16887 | Abyss:2  | Noticed a tentacled starspawn
 16890 | Abyss:2  | Killed a tentacled starspawn
 16905 | Abyss:2  | Killed a tentacled starspawn
 16905 | Abyss:2  | Reached XP level 14. HP: 82/129 MP: 10/13
 16941 | D:14     | Escaped the Abyss
 16944 | D:14     | Received a gift from Okawaru
 16947 | D:14     | Got a translucent shield {god gift}
 16960 | D:14     | Identified the +0 shield "Tidout" {+Fly MR+} (Okawaru gifted it to you on level 14 of the Dungeon)
 17923 | D:14     | Reached skill level 1 in Invocations
 17926 | D:14     | Identified the +8 morningstar "Micihaopp" {holy, Str+4} (Okawaru gifted it to you on level 2 of the Abyss)
 18049 | D:14     | Noticed Rupert
 18050 | D:14     | Noticed Nessos
 18052 | D:14     | Noticed Urug
 18077 | D:14     | Killed Nessos
 18081 | D:14     | Found a gate to the Vaults.
 18537 | D:14     | Reached skill level 15 in Shields
 18601 | D:14     | Killed Urug
 18802 | D:14     | Killed Rupert
 19393 | Lair:1   | Received a gift from Okawaru
 19483 | Lair:1   | Got a shimmering lajatang {god gift}
 20901 | Lair:2   | Reached skill level 15 in Armour
 21054 | Lair:2   | Found a staircase to the Shoals.
 22257 | Lair:4   | Noticed IsvaffelMax's ghost (journeyman FoFE)
 22284 | Lair:4   | Killed IsvaffelMax's ghost
 22535 | Lair:4   | Found a hole to the Spider Nest.
 22569 | Lair:4   | Reached XP level 15. HP: 137/139 MP: 15/15
 23002 | Lair:5   | Received a gift from Okawaru
 23072 | Lair:5   | Found a runed door.
 23074 | Lair:5   | Found a viscous altar of Jiyva.
 23077 | Lair:5   | Found a staircase to the Slime Pits.
 23077 | Lair:5   | Noticed an azure jelly
 23077 | Lair:5   | Noticed an azure jelly
 23089 | Lair:5   | Reached skill level 16 in Shields
 23370 | Lair:5   | Killed an azure jelly
 23377 | Lair:5   | Killed an azure jelly
 24111 | Lair:6   | Entered Level 6 of the Lair of Beasts
 24227 | Lair:6   | Received a gift from Okawaru
 24815 | Lair:6   | Reached skill level 15 in Fighting
 26133 | Lair:1   | Identified the +8 lajatang of Moderation {drain, *Corrode *Slow rElec Stlth+} (Okawaru gifted it to you on level 1 of the Lair of Beasts)
 26242 | D:15     | Entered Level 15 of the Dungeon
 26329 | D:15     | Received a gift from Okawaru
 26338 | D:15     | Got a smoking crystal plate armour {god gift}
 26349 | D:15     | Identified the +4 crystal plate armour of Befa {Str+4} (Okawaru gifted it to you on level 15 of the Dungeon)
 26395 | D:15     | Found a blossoming altar of Fedhas.
 26627 | D:15     | Reached skill level 17 in Shields
 26770 | D:15     | Found a staircase to the Depths.
 26964 | D:15     | Found a white marble altar of Elyvilon.
 27630 | Elf:1    | Entered Level 1 of the Elven Halls
 27645 | Elf:1    | Reached XP level 16. HP: 140/149 MP: 17/17
 27725 | Elf:1    | Noticed Agnes
 27735 | Elf:1    | Killed Agnes
 27743 | Elf:1    | Received a gift from Okawaru
 27757 | Elf:1    | Got a pair of shimmering boots {god gift}
 27831 | Orc:2    | Identified the +4 pair of boots of Elefac {Int+4} (Okawaru gifted it to you on level 1 of the Elven Halls)
 28393 | Elf:1    | Got a bone dagger
 29298 | Elf:1    | Received a gift from Okawaru
 29506 | Elf:2    | Reached skill level 18 in Shields
 29577 | Elf:2    | Found Kofihin's Jewellery Shoppe.
 29965 | Elf:2    | Found a deep blue altar of Sif Muna.
 30011 | Elf:2    | Found a runed gate.
 30011 | Elf:2    | Found a runed gate.
 30012 | Elf:2    | Found a runed gate.
 31489 | Spider:1 | Entered Level 1 of the Spider Nest
 31574 | Spider:1 | Found a frozen archway.
 31596 | IceCv    | Entered an ice cave
 31802 | IceCv    | Reached XP level 17. HP: 160/160 MP: 18/18
 31926 | IceCv    | Received a gift from Okawaru
 32566 | Spider:1 | Noticed Asterion
 32579 | Spider:1 | Killed Asterion
 32937 | Lair:1   | Identified the +10 dagger of Capital Punishment {venom, rN+ MR++ Str+2 Int-4} (You found it on level 1 of the Elven Halls)
 33120 | Spider:2 | Reached skill level 19 in Shields
 34407 | Spider:2 | You fall through a shaft!
 35212 | Spider:3 | Received a gift from Okawaru
 35641 | Spider:4 | Entered Level 4 of the Spider Nest
 37261 | Spider:3 | Reached skill level 20 in Shields
 38290 | Spider:4 | Noticed Nikola
 38537 | Spider:4 | Killed Nikola
 38537 | Spider:4 | Received a gift from Okawaru
 38537 | Spider:4 | Received a gift from Okawaru
 38537 | Spider:4 | Reached XP level 18. HP: 95/170 MP: 12/19
 39434 | Spider:4 | Got a gossamer rune of Zot
 39700 | Shoals:1 | Entered Level 1 of the Shoals
 39881 | Shoals:1 | Noticed Noxor's ghost (journeyman HuFE)
 39898 | Shoals:1 | Killed Noxor's ghost
 41090 | Shoals:1 | Reached skill level 21 in Shields
 42043 | Elf:2    | Received a gift from Okawaru
 42591 | Elf:2    | Got a fine double sword {god gift}
 42592 | Elf:2    | Identified the +6 double sword "Qushriaj" {flame, rF+++ Dex-2 SInv} (Okawaru gifted it to you on level 2 of the Elven Halls)
 42620 | Elf:2    | Identified the Guide on Creation
 42776 | Elf:2    | Noticed DildoBatman's ghost (adept FoEn)
 42801 | Elf:2    | Killed DildoBatman's ghost
 43171 | Elf:2    | HP: 2/169 [deep elf mage/bolt of lightning (23)]
 43171 | Elf:2    | Killed from afar by a deep elf mage

Skill      XL: |  1  2  3  4  5  6  7  8  9 10 11 12 13 14 15 16 17 18 |
---------------+-------------------------------------------------------+-----
Fighting       | 4 5 6 7 8 10 12 13 14 15 16 17 | 17.8
Armour         | 4 5 7 8 10 11 12 13 15 16 17 18 | 18.5
Shields        | 4 5 6 7 8 9 10 12 14 15 17 18 20 21 | 21.3
Long Blades    | 3 4 5 7 9 11 12 14 15 16 17 18 19 | 19.0
Dodging        | 1 2 3 |  3.5
Stealth        | 1 2 3 |  3.0
Invocations    | 2 3 |  3.6
Evocations     | |  0.5

Action                   |  1- 3 |  4- 6 |  7- 9 | 10-12 | 13-15 | 16-18 || total
-------------------------+-------+-------+-------+-------+-------+-------++-------
Melee: Long sword        |    67 |   162 |   285 |   757 |  1202 |  1440 ||  3913
       Headbutt          |     3 |    33 |    61 |   201 |   463 |   587 ||  1348
       Double sword      |       |       |       |       |    33 |    75 ||   108
Invok: Heroism           |       |       |       |     1 |    13 |     4 ||    18
       Finesse           |       |       |       |       |     6 |     3 ||     9
 Abil: Evoke Flight      |       |       |       |       |       |     2 ||     2
Evoke: Wand              |       |       |       |     1 |     6 |       ||     7
  Use: Scroll            |       |     4 |    11 |     3 |    13 |    10 ||    41
       Potion            |       |     2 |       |     1 |       |     5 ||     8
 Stab: Invisible         |       |     3 |       |       |       |       ||     3
       Petrified         |       |       |       |       |     4 |       ||     4
       Held in net/web   |       |       |       |       |       |     1 ||     1
  Eat: Chunk             |       |     6 |     9 |    19 |    41 |    27 ||   102
       Ration            |       |       |     1 |     1 |     2 |     7 ||    11
Armor: Scale mail        |     1 |       |       |       |       |       ||     1
       Chain mail        |    37 |    86 |    98 |    22 |       |       ||   243
       Plate armour      |       |       |       |   294 |   523 |       ||   817
       Crystal plate arm |       |       |       |       |    37 |  1205 ||  1242
Dodge: Dodged            |    17 |    65 |    52 |   150 |   353 |   482 ||  1119
Block: Shield            |    42 |    91 |   142 |   434 |   823 |  1526 ||  3058
       Rpst.: Long sword |     4 |    19 |    12 |    40 |    70 |    79 ||   224
       Double sword      |       |       |       |       |     2 |     2 ||     4
